 Dungeon Crawl Stone Soup version 0.27-a0-1381-g81fdcbfb23 (webtiles) character file.

Game seed: 3810983373407437896

277 badstreak the Skirmisher (level 6, -3/56 HPs)
             Began as a Hill Orc Wanderer on June 30, 2021.
             Slain by Blork the orc (4 damage)
             ... on level 4 of the Dungeon.
             The game lasted 00:10:13 (4218 turns).

badstreak the Skirmisher (Hill Orc Wanderer)        Turns: 4218, Time: 00:10:13

Health: -3/56      AC:  7    Str: 16    XL:     6   Next: 25%
Magic:  7/7        EV: 10    Int: 11    God:
Gold:   115        SH:  0    Dex: 12    Spells: 6/7 levels left

rFire    . . .     SeeInvis .   a - +4 hand axe
rCold    . . .     Faith    .   (no shield)
rNeg     . . .     Spirit   .   l - +0 ring mail
rPois    .         Reflect  .   (no helmet)
rElec    .         Harm     .   p - +0 cloak
rCorr    .         Rampage  .   (no gloves)
Will     .....                  (no boots)
Stlth    +.........             (no amulet)
HPRegen  0.18/turn              (no ring)
MPRegen  0.10/turn              (no ring)

@: no status effects
A: no striking features
a: no special abilities


You were on level 4 of the Dungeon.
You visited 1 branch of the dungeon, and saw 4 of its levels.

You collected 115 gold pieces.

Inventory:

Hand Weapons
 a - a +4 hand axe (weapon)
 b - a +0 hunting sling
 c - a +2 dagger
 n - a +0 mace
 s - a +0 war axe
Missiles
 e - 75 stones
 f - 22 sling bullets
 i - 2 poisoned darts (quivered)
 q - 5 boomerangs
Armour
 l - a +0 ring mail (worn)
 p - a +0 cloak (worn)
Jewellery
 o - an amulet of magic regeneration
Wands
 u - a wand of polymorph (10)
Scrolls
 d - a scroll of fear {unknown}
 g - a scroll of enchant weapon {unknown}
 h - 2 scrolls of magic mapping {unknown}
 v - a scroll of brand weapon {unknown}
 w - a scroll of noise {unknown}
Potions
 m - a potion of brilliance
 r - a potion of heal wounds {unknown}
 t - a potion of attraction {unknown}


   Skills:
 + Level 5.1 Fighting
 * Level 3.2 Axes
 - Level 2.6 Bows
 - Level 1.0 Throwing
 + Level 4.0 Armour
 - Level 1.0 Stealth
 - Level 1.0 Spellcasting
 - Level 2.0 Earth Magic


You had 6 spell levels left.
You knew the following spells:

 Your Spells              Type           Power      Damage    Failure   Level
a - Foxfire               Conj/Fire      0%         2x1d4     50%         1

Your spell library contained the following spells:

 Spells                   Type           Power      Damage    Failure   Level
 Conjure Flame            Conj/Fire      0%         6-21      86%         3


Dungeon Overview and Level Annotations

Branches:
Dungeon (4/15)
 Temple: D:4-7

Altars:
Uskayaw

Annotations:
D:4 Blork the orc


Message History

Blork the orc is heavily wounded.
Blork the orc struggles against the net.
Blork the orc gestures at you while chanting.
The magic dart hits you.
* * * LOW HITPOINT WARNING * * *
Blork the orc struggles against the net.
Blork the orc struggles against the net. x2
Blork the orc struggles against the net.
The net rips apart, and Blork the orc comes free!
Unknown command.
Throw: 4 darts (poison)
Press: ? - help, Q - select action, (/) - cycle Shift-Dir - straight line, f/p - Blork the orc
Aim: Blork the orc, wielding a +1 vorpal hand axe and wearing a +0 robe (heavily wounded, fast, 63% to hit)
You throw a poisoned dart. The poisoned dart hits Blork the orc.
Blork the orc is heavily wounded.
Blork the orc gestures at you while chanting.
The puff of frost hits you.
* * * LOW HITPOINT WARNING * * *
Throw: 3 darts (poison)
Press: ? - help, Q - select action, (/) - cycle Shift-Dir - straight line, f/p - Blork the orc
Aim: Blork the orc, wielding a +1 vorpal hand axe and wearing a +0 robe (heavily wounded, fast, 63% to hit)
You throw a poisoned dart.
The poisoned dart completely misses Blork the orc.
You feel better.
Blork the orc suddenly cheers.
Blork the orc hits you with a +1 vorpal hand axe.
* * * LOW HITPOINT WARNING * * *
x2 Throw: 2 darts (poison)
Press: ? - help, Q - select action, (/) - cycle Shift-Dir - straight line, f/p - Blork the orc
Aim: Blork the orc, wielding a +1 vorpal hand axe and wearing a +0 robe (heavily wounded, fast, 63% to hit)
Okay, then.
You hit Blork the orc.
Blork the orc is severely wounded.
Blork the orc barely misses you.
Blork the orc hits you with a +1 vorpal hand axe.
* * * LOW HITPOINT WARNING * * *
x2 You slash Blork the orc!
Blork the orc is almost dead.
Blork the orc hits you with a +1 vorpal hand axe.
You die...

#.... #(...###########
#...............
#...............
#...(........!.. ..
#...............
....########...........
........# #..o........ #..#...#
#...@....... #..#...+
#...........
#....####...........
#.........#'###....
#.........#...# ...
#.........'...# ..#####....
#.......))##### ..........
........#'##)).)####+#.........
.........+..#....'....#.........


You could see Blork the orc (fast).

Vanquished Creatures
  A scorpion (D:4)
  A hound (D:3)
  An orc priest (D:4)
  4 gnolls
  3 adders
  An ufetubus (D:4)
  A worm (D:2)
  2 dart slugs
  5 orcs
  10 ball pythons
  3 endoplasms
  4 giant cockroaches
  7 hobgoblins
  11 jackals
  5 kobolds
  A quokka (D:1)
  6 bats
  2 frilled lizards (D:3)
  3 goblins
  5 rats
76 creatures vanquished.

Vanquished Creatures (others)
  8 plants (D:3)
8 creatures vanquished.

Grand Total: 84 creatures vanquished

Notes
Turn   | Place    | Note
-------+----------+-------------------------------------------
     0 | D:1      | badstreak the Hill Orc Wanderer began the quest for the
                  | Orb.
     0 | D:1      | badstreak set off with the following items: a +2 dagger, a
                  | potion of berserk rage, a +0 robe; and the following spell
                  | memorised: Foxfire; and the following spells available to
                  | memorise: Conjure Flame
     0 | D:1      | Reached XP level 1. HP: 18/18 MP: 2/2
    67 | D:1      | Reached skill level 1 in Armour
   314 | D:1      | Reached XP level 2. HP: 20/25 MP: 3/3
   399 | D:1      | Reached skill level 3 in Fighting
  1033 | D:1      | Reached XP level 3. HP: 14/31 MP: 4/4
  2470 | D:2      | Reached skill level 4 in Fighting
  2470 | D:2      | Reached XP level 4. HP: 40/40 MP: 5/5
  2919 | D:3      | Reached XP level 5. HP: 15/47 MP: 6/6
  3382 | D:3      | Found a faded altar of an unknown god.
  3498 | D:4      | Found a hide-covered altar of Uskayaw.
  3677 | D:4      | Reached skill level 1 in Axes
  3937 | D:4      | Reached skill level 5 in Fighting
  3944 | D:4      | Reached XP level 6. HP: 30/56 MP: 7/7
  4198 | D:4      | Noticed Blork the orc
  4217 | D:4      | HP: 2/56 [Blork the orc (3)]
  4218 | D:4      | Slain by Blork the orc

Illustrated notes

Levels and vault maps discovered:
D:1:      wander_arrival_estate, layout_basic
D:2:      layout_basic
D:3:      layout_rooms, chequers_ecumenical_altar_lobes, eino_tiny_chamber
D:4:      layout_gridville, lightli_temple_of_fire,
          nicolae_wu_jian_wuxing_cycle, lemuel_crystal_altar, uniq_blork_the_orc

Skill      XL: |  1  2  3  4  5 |
---------------+----------------+-----
Armour         | 1 2 3 4 |  4.0
Fighting       | 3 4 5 |  5.1
Axes           | 3 |  3.2
Bows           | |  2.6
Throwing       | |  1.0
Stealth        | |  1.0
Spellcasting   | |  1.0
Earth Magic    | |  2.0

Action                   |  1- 3 |  4- 6 || total
-------------------------+-------+-------++-------
Melee: Dagger            |   154 |    77 ||   231
       Hand axe          |       |    41 ||    41
       War axe           |       |     9 ||     9
 Fire: Hunting sling     |    22 |    31 ||    53
Throw: Stone             |     3 |     1 ||     4
       Dart              |       |     2 ||     2
       Throwing net      |       |     1 ||     1
  Use: Potion            |     1 |     1 ||     2
       Scroll            |       |     3 ||     3
 Stab: Sleeping          |     1 |       ||     1
Armor: Robe              |    43 |       ||    43
       Ring mail         |       |    60 ||    60
Dodge: Dodged            |   113 |    72 ||   185

Table legend: (Time is in decaauts)
 A = Elapsed time spent in this place.
 B = Non-inter-level travel time spent in this place.
 C = Inter-level travel time spent in this place.
 D = Time resting spent in this place.
 E = Time spent auto-exploring this place.
 F = Levels seen in this place.
 G = Mean time per level.
                   A        B        C        D        E       F      G
               +--------+--------+--------+--------+--------+-----+--------+
         Total |   4243 |   4090 |    153 |   1296 |   1990 |   4 | 1060.8 |
       Dungeon |   4243 |   4090 |    153 |   1296 |   1990 |   4 | 1060.8 |
               +--------+--------+--------+--------+--------+-----+--------+

Top non-repeatable levels by time:
     D:1: 1683 daAuts
     D:3: 988 daAuts
     D:2: 956 daAuts
     D:4: 614 daAuts
